 Dungeon Crawl Stone Soup version 0.31-a0-1576-ga3383bade6 (webtiles) character file.

Game seed: 3945588079970279272

58 grandjackal the Chopper (level 3, 0/28 HPs)
             Began as a Demonspawn Gladiator on Jan 4, 2024.
             Slain by a gnoll
             ... wielding a +0 flail
              (10 damage)
             ... on level 2 of the Dungeon.
             The game lasted 00:01:05 (1159 turns).

grandjackal the Chopper (Demonspawn Gladiator)      Turns: 1159, Time: 00:01:06

Health: 0/28       AC:  6    Str: 16    XL:     3   Next: 75%
Magic:  3/3        EV: 11    Int:  8    God:
Gold:   55         SH:  0    Dex: 14    Spells: 2/2 levels left

rFire   + . .        f - +2 dagger (venom)
rCold   . . .        (no shield)
rNeg    . . .        l - +0 ring mail
rPois   .            c - +0 helmet
rElec   .            (no cloak)
rCorr   .            (no gloves)
SInv    .            (no boots)
Will    .....        (no amulet)
Stlth   +            j - ring of protection from fire
HPRegen 0.24/turn    (no ring)
MPRegen 0.08/turn

%: no passive effects
@: no status effects
A: demonic guardian 1
a: no special abilities


You were on level 2 of the Dungeon.
You visited 1 branch of the dungeon, and saw 2 of its levels.

You collected 55 gold pieces.

Inventory:

Hand Weapons
 a - a +0 war axe
 f - a +2 dagger of venom (weapon)
Missiles
 d - 3 throwing nets (quivered)
 e - a javelin
Armour
 c - a +0 helmet (worn)
 l - a +0 ring mail (worn)
Jewellery
 i - a ring of ice
 j - a ring of protection from fire (left hand)
Scrolls
 b - a scroll of identify {unknown}
 g - 3 scrolls of teleportation {unknown}
 h - a scroll of blinking {unknown}
 k - a scroll of butterflies {unknown}


   Skills:
 + Level 2.9 Fighting
 + Level 3.2 Axes
 - Level 2.0 Throwing
 + Level 3.2 Dodging


You had 2 spell levels left.
You didn't know any spells.
Your spell library was empty.

Dungeon Overview and Level Annotations

Branches:
Dungeon (2/15)

Altars:


Innate Abilities, Weirdness & Mutations

A weak demonic guardian rushes to your aid.


Message History

The gnoll misses you.
You hit the gnoll but do no damage.
The gnoll is lightly wounded.
The gnoll hits you with a +0 halberd.
You hit the gnoll.
The gnoll is poisoned.
The gnoll is heavily wounded.
The gnoll barely misses you.
You hit the gnoll but do no damage.
The gnoll looks as sick as possible!
The gnoll is heavily wounded.
The gnoll closely misses you. The gnoll closely misses you.
You kill the gnoll!
The gnoll throws a throwing net.
The throwing net barely misses you.
The gnoll throws a throwing net.
The throwing net hits you.
You become entangled in the net!
You see here a throwing net.
You tear a large gash into the net.
You struggle against the net.
You struggle against the net.
You rip the net and break free!
The gnoll barely misses you.
You hit the gnoll.
The gnoll is poisoned.
The gnoll is lightly wounded.
The gnoll barely misses you.
You hit the gnoll.
The gnoll is moderately wounded.
You barely miss the gnoll. The gnoll closely misses you.
The gnoll barely misses you.
You closely miss the gnoll. The gnoll completely misses you.
The gnoll hits you but does no damage.
You hit the gnoll.
The gnoll is poisoned.
The gnoll is lightly wounded.
The gnoll hits you with a +0 club. The gnoll hits you with a +0 flail!
You hit the gnoll but do no damage.
The gnoll looks even sicker.
The gnoll is heavily wounded.
The gnoll barely misses you. The gnoll hits you with a +0 club.
The gnoll closely misses you. The gnoll attacks as it pursues you!
The gnoll hits you with a +0 club.
A demonic guardian appears!
The gnoll attacks as it pursues you! The gnoll hits you with a +0 flail!
You die...

###### +....[...(.#
#.....##...........
#.....###..##'#....
#..........##.#....
#...........#.#....
+.............#..†.
#.............#..#.
.########.........###......
##+##...#...#.@...#.......>..#.
....#...#...5g....#.#...).##...
........#..g.######+#.....##...
........#.(..#............##...
........#....#............##...
...<....##'#.#..=.....######...
........##.#)#....g.. #..#
####....†..#.#..g....
##...####.#.......


You could see 2 gnolls and a friendly white imp (summoned).

Vanquished Creatures
  A gnoll (D:2)
  2 adders (D:2)
  A dart slug (D:2)
  3 endoplasms
  A goblin (D:1)
  3 hobgoblins (D:2)
  4 kobolds
  2 quokkas
  4 ball pythons
  3 bats
  A frilled lizard (D:2)
  2 rats (D:1)
27 creatures vanquished.

Notes
Turn   | Place    | Note
-------+----------+-------------------------------------------
     0 | D:1      | grandjackal the Demonspawn Gladiator began the quest for
                  | the Orb.
     0 | D:1      | Reached XP level 1. HP: 16/16 MP: 1/1
   379 | D:1      | Gained mutation: A weak demonic guardian rushes to your
                  | aid. [demonic ancestry]
   379 | D:1      | Reached XP level 2. HP: 22/22 MP: 2/2
  1032 | D:2      | Reached XP level 3. HP: 25/28 MP: 3/3
  1159 | D:2      | Slain by a gnoll

Illustrated notes

Levels and vault maps discovered:
D:1:      dpeg_arrival_arbitrary_b, layout_loops_ring, chequers_arboretum,
          grunt_decor_cap
D:2:      wad_river_or_something, layout_basic, minmay_misc_feat_nine_boxes

Skill      XL: |  1  2 |
---------------+-------+-----
Throwing       | 2 |  2.0
Axes           | 3 |  3.2
Dodging        | 3 |  3.2
Fighting       | |  2.9

Action                     || total
---------------------------++-------
  Melee: Dagger            ||    70
         War axe           ||     5
   Stab: Sleeping          ||     3
 Armour: Leather armour    ||    29
         Ring mail         ||    11
  Dodge: Dodged            ||    55

Table legend: (Time is in decaauts)
 A = Elapsed time spent in this place.
 B = Non-inter-level travel time spent in this place.
 C = Inter-level travel time spent in this place.
 D = Time resting spent in this place.
 E = Time spent auto-exploring this place.
 F = Levels seen in this place.
 G = Mean time per level.
                   A        B        C        D        E       F      G
               +--------+--------+--------+--------+--------+-----+--------+
         Total |   1160 |   1128 |     32 |     64 |    850 |   2 |  580.0 |
       Dungeon |   1160 |   1128 |     32 |     64 |    850 |   2 |  580.0 |
               +--------+--------+--------+--------+--------+-----+--------+

Top non-repeatable levels by time:
     D:1: 816 daAuts
     D:2: 344 daAuts
